 Dungeon Crawl Stone Soup version 0.31.0-11-ge490571c62 (webtiles) character file.

Game seed: 10758608664408888708

521165 Esekla the Sorcerer (level 25, -11/183 (216) HPs)
             Began as a Barachi Delver on Jan 27, 2024.
             Was the Champion of Wu Jian.
             Collided with a large closed door (15 damage)
             ... after being knocked back by a salamander mystic
             ... in a wizard's laboratory.
             The game lasted 09:36:47 (67038 turns).

Esekla the Sorcerer (Barachi Delver)               Turns: 67038, Time: 09:36:47

HP:   -11/183 (216) AC: 26    Str: 14    XL:     25   Next: 29%
MP:   16/50         EV: 16    Int: 26    God:    Wu Jian [******]
Gold: 4522          SH: 16    Dex: 12    Spells: 5/71 levels left

rFire   + + +        a - +8 falchion of Honesty {speed, ^Fragile rF+++ rCorr Int+4}
rCold   + . .        w - +5 kite shield {reflect}
rNeg    . . .        Z - +3 troll leather armour {Snorg}
rPois   +            K - +2 hat {SInv}
rElec   .            e - +2 cloak {Stlth+}
rCorr   +            D - +1 pair of gloves "Mijebuno" {Rampage Regen+ Stlth-}
SInv    +            H - +2 pair of boots {Stlth+}
Will    ++...        C - amulet of the Komodo Dragon {rPois Will+ Regen+ Dex-5}
Stlth   +++++        j - ring of the Growing Saviour {AC+4 Int+3}
HPRegen 2.90/turn    W - ring "Xaonnoar" {rF+ rC+ AC+4}
MPRegen 0.32/turn

%: reflection, rampage
@: about to teleport, very slightly contaminated, hasted, studying 2 skills,
heavily drained, quick
A: amphibious, slowness 1, strong legs 2, +LOS, inability to drink after injury
1, persistent drain
}: 3/15 runes: serpentine, barnacled, slimy
a: Hop, Renounce Religion, Wall Jump, Serpent's Lash, Heavenly Storm


You were in a wizard's laboratory.
You worshipped Wu Jian.
Wu Jian was exalted by your worship.
You visited 11 branches of the dungeon, and saw 48 of its levels.
You also visited: Trove, Bailey, Ice Cave, Wizlab and Desolation.

You collected 9141 gold pieces.
You spent 4619 gold pieces at shops.

Inventory:

Hand Weapons
 a - the +8 falchion of Honesty (weapon) {speed, ^Fragile rF+++ rCorr Int+4}
   (You found it on level 1 of the Snake Pit)

   Int+4:     It affects your intelligence (+4).
   rF+++:     It renders you almost immune to fire.
   rCorr:     It protects you from acid and corrosion.
   ^Fragile:  It will be destroyed if unequipped.
 I - the +7 dagger of Midwinter {vamp, rF+}
   (You found it on level 3 of the Crypt)

   rF+:       It protects you from fire.
Missiles
 f - 3 silver javelins
 o - 44 poisoned darts
 L - 21 curare-tipped darts
 S - 28 boomerangs (quivered)
Armour
 b - +3 fire dragon scales {Xtahua}
 e - a +2 cloak of stealth (worn)
 s - a +2 kite shield of poison resistance
 t - a +1 pair of boots of flying
 w - a +5 kite shield of reflection (worn)
 D - the +1 pair of gloves "Mijebuno" (worn) {Rampage Regen+ Stlth-}
   (You found it on level 7 of the Dungeon)

   Regen+:    It increases your rate of health regeneration.
   Rampage:   It bestows one free step when moving towards enemies.
   Stlth-:    It makes you less stealthy.
 F - the orb "Giemm" {mayhem, -Tele Regen+ MP+9 Int+5}
   (You found it on level 3 of the Crypt)

   Int+5:     It affects your intelligence (+5).
   MP+9:      It affects your magic capacity (+9).
   -Tele:     It prevents most forms of teleportation.
   Regen+:    It increases your rate of health regeneration.
 G - a +2 kite shield of cold resistance
 H - a +2 pair of boots of stealth (worn)
 K - a +2 hat of see invisible (worn)
 Z - a +3 troll leather armour (worn) {Snorg}
Magical Staves
 z - a staff of death
Jewellery
 j - the ring of the Growing Saviour (left hand) {AC+4 Int+3}
   (You bought it in a shop on level 2 of the Elven Halls)

   [ring of protection]

   AC+4:      It affects your AC (+4).
   Int+3:     It affects your intelligence (+3).
 m - a ring of protection from cold
 q - an amulet of regeneration
 C - the amulet of the Komodo Dragon (around neck) {rPois Will+ Regen+ Dex-5}
   (You found it in a treasure trove)

   [amulet of regeneration]

   Dex-5:     It affects your dexterity (-5).
   rPois:     It protects you from poison Will+: It increases your willpower.
   Regen+:    It increases your rate of health regeneration.
 U - the ring "Diyte" {*Slow rPois rN++ rCorr Int+4}
   (You took it off a deep elf elementalist on level 3 of the Elven Halls)

   [ring of resist corrosion]

   Int+4:     It affects your intelligence (+4).
   rPois:     It protects you from poison rN++: It greatly protects you from
   negative energy.
   rCorr:     It protects you from acid and corrosion.
   *Slow:     It may slow you when you take damage.
 V - the ring of Curiosity {rElec rC- rN+ AC+4 SInv}
   (You took it off a deep elf demonologist on level 3 of the Elven Halls)

   [ring of protection]

   AC+4:      It affects your AC (+4).
   rC-:       It makes you vulnerable to cold.
   rElec:     It insulates you from electricity.
   rN+:       It protects you from negative energy.
   SInv:      It lets you see invisible.
 W - the ring "Xaonnoar" (right hand) {rF+ rC+ AC+4}
   (You found it on level 5 of the Lair of Beasts)

   [ring of protection]

   AC+4:      It affects your AC (+4).
   rF+:       It protects you from fire.
   rC+:       It protects you from cold.
Wands
 g - a wand of digging (25)
 h - a wand of acid (14)
 r - a wand of flame (81)
 y - a wand of mindburst (82)
 O - a wand of paralysis (24)
 Q - a wand of roots (42)
Scrolls
 c - 6 scrolls of fog
 l - 7 scrolls of blinking
 v - 8 scrolls of enchant weapon
 x - 16 scrolls of poison
 E - 7 scrolls of revelation
 M - 4 scrolls of silence
 N - 5 scrolls of fear
Potions
 d - a potion of might
 i - 3 potions of magic
 n - 9 potions of attraction
 p - a potion of heal wounds
 u - 4 potions of invisibility
 A - 4 potions of resistance
 B - 12 potions of curing
 J - 7 potions of enlightenment
 P - 6 potions of ambrosia
 T - 4 potions of haste
 X - 5 potions of brilliance
Miscellaneous
 Y - a lightning rod (2/4)


   Skills:
 + Level 21.8 Fighting
 + Level 6.3(12.0) Short Blades
 - Level 17.1(17.6) Long Blades
 + Level 2.6 Throwing
 + Level 10.3 Armour
 * Level 15.3 Dodging
 + Level 10.6 Stealth
 - Level 10.0 Shields
 + Level 0.5 Unarmed Combat
 * Level 23.9 Spellcasting
 - Level 8.2 Conjurations
 - Level 9.3 Necromancy
 + Level 4.4 Translocations
 + Level 10.3 Fire Magic
 * Level 10.8 Ice Magic
 * Level 12.7 Air Magic
 - Level 9.5 Earth Magic
 - Level 9.2 Alchemy
 + Level 1.2 Evocations


You had 5 spell levels left.
You knew the following spells:

 Your Spells              Type           Power      Damage    Failure   Level
a - Ozocubu's Armour      Ice            73%        N/A       1%          3
b - Blink                 Tloc           100%       N/A       1%          2
c - Mephitic Cloud        Conj/Alch/Air  70%        N/A       1%          3
f - Fireball              Conj/Fire      34%        3d14      1%          5
i - Irradiate             Conj/Alch      33%        3d22      2%          5
k - Airstrike             Air            39%        2d(6-22)  1%          4
l - Lee's Rapid Deconstr  Erth           34%        3d17*     1%          5
m - Maxwell's Capacitive  Air            39%        ∞         71%         8
n - Ignite Poison         Fire/Alch      70%        N/A       1%          4
o - Scorch                Fire           100%       2d9       1%          2
r - Frozen Ramparts       Ice            100%       1d16      1%          3
u - Dispel Undead         Necr           68%        3d23      1%          4
v - Mercury Vapours       Alch/Air       100%       N/A       1%          2
w - Fugue of the Fallen   Necr           68%        N/A       1%          3
x - Olgreb's Toxic Radia  Alch           68%        N/A       1%          4
y - Sticky Flame          Fire/Alch      70%        2d11      1%          4
z - Freezing Cloud        Conj/Ice/Air   36%        6-21      1%          5

Your spell library contained the following spells:

 Spells                   Type           Power      Damage    Failure   Level
 Foxfire                  Conj/Fire      100%       2x1d9     1%          1
 Kiss of Death            Conj/Necr      100%       2d13      1%          1
 Necrotise                Necr           100%       1d9       1%          1
 Sandblast                Erth           100%       2d20      1%          1
 Shock                    Conj/Air       100%       1d9       1%          1
 Sting                    Conj/Alch      100%       1d9       1%          1
 Cigotuvi's Dreadful Rot  Necr/Alch/Air  100%       N/A       1%          2
 Ensorcelled Hibernation  Hex/Ice        100%       N/A       1%          2
 Lesser Beckoning         Tloc           100%       N/A       1%          2
 Momentum Strike          Conj/Tloc      100%       3d10      1%          2
 Searing Ray              Conj           100%       2d8       1%          2
 Static Discharge         Conj/Air       100%       3-8/arc   1%          2
 Sublimation of Blood     Necr           68%        N/A       1%          2
 Dazzling Flash           Conj/Hex       100%       N/A       1%          3
 Gell's Gravitas          Tloc           53%        N/A       1%          3
 Hailstorm                Conj/Ice       69%        3d12      1%          3
 Passwall                 Erth           69%        N/A       1%          3
 Stone Arrow              Conj/Erth      100%       3d13      1%          3
 Summon Ice Beast         Ice/Summ       56%        N/A       1%          3
 Swiftness                Air            78%        N/A       1%          3
 Teleport Other           Tloc           53%        N/A       1%          3
 Animate Dead             Necr           68%        N/A       1%          4
 Brom's Barrelling Bould  Conj/Erth      67%        2d8       1%          4
 Flame Wave               Conj/Fire      68%        2d15      1%          4
 Leda's Liquefaction      Alch/Erth      34%        N/A       1%          4
 Petrify                  Alch/Erth      68%        N/A       1%          4
 Vhi's Electric Charge    Tloc/Air       100%       N/A       1%          4
 Arcjolt                  Conj/Air       36%        1d46      1%          5
 Borgnjor's Vile Clutch   Necr/Erth      34%        N/A       1%          5
 Curse of Agony           Necr           68%        N/A       1%          5
 Iskenderun's Battlesphe  Conj           65%        2d11      2%          5
 Call Imp                 Summ           62%        N/A       4%          2
 Jinxbite                 Hex            62%        N/A       4%          2
 Anguish                  Hex/Necr       26%        N/A       4%          4
 Animate Armour           Summ/Erth      100%       N/A       4%          4
 Manifold Assault         Tloc           53%        N/A       4%          4
 Martyr's Knell           Necr/Summ      53%        N/A       4%          4
 Passage of Golubria      Tloc           53%        N/A       4%          4
 Silence                  Hex/Air        29%        N/A       6%          5
 Metabolic Englaciation   Hex/Ice        28%        N/A       9%          5
 Call Canine Familiar     Summ           31%        N/A       10%         3
 Confusing Touch          Hex            31%        N/A       10%         3
 Sigil of Binding         Hex            31%        N/A       10%         3
 Tukima's Dance           Hex            31%        N/A       10%         3
 Dimensional Bullseye     Hex/Tloc       21%        N/A       12%         4
 Yara's Violent Unravell  Hex/Alch       26%        3d11      13%         5
 Summon Forest            Summ/Tloc      21%        N/A       34%         5
 Summon Mana Viper        Hex/Summ       31%        N/A       65%         5
 Plasma Beam              Fire/Air       37%        2x1d50    4%          6
 Conjure Ball Lightning   Conj/Air       36%        3x3d12    6%          6
 Sculpt Simulacrum        Ice/Alch       35%        N/A       8%          6
 Death Channel            Necr           34%        N/A       10%         6
 Starburst                Conj/Fire      34%        6d10      11%         6
 Bombard                  Conj/Erth      33%        9d6       12%         6
 Ozocubu's Refrigeration  Ice            36%        4d15      30%         7
 Orb of Destruction       Conj           32%        9d10      65%         7
 Ignition                 Fire           35%        3d11      96%         8
 Haunt                    Necr/Summ      26%        N/A       98%         7
 Summon Cactus Giant      Summ           15%        N/A       99%         6
 Spellforged Servitor     Conj/Summ      25%        N/A       99%         7
 Borgnjor's Revivificati  Necr           34%        N/A       99%         8
 Infestation              Necr           34%        N/A       99%         8
 Lehudib's Crystal Spear  Conj/Erth      33%        10d9      99%         8
 Enfeeble                 Hex            15%        N/A       100%        7
 Monstrous Menagerie      Summ           15%        N/A       100%        7
 Summon Hydra             Summ           15%        N/A       100%        7
 Chain Lightning          Conj/Air       36%        3d48      100%        9
 Death's Door             Necr           34%        N/A       100%        9
 Fire Storm               Conj/Fire      34%        8d9       100%        9
 Polar Vortex             Ice            36%        12d4*     100%        9
 Shatter                  Erth           34%        3d28*     100%        9


Dungeon Overview and Level Annotations

Branches:
Dungeon (15/15)            Temple (1/1) D:5            Lair (5/5) D:9
 Shoals (4/4) Lair:3        Snake (4/4) Lair:2        Slime (5/5) Lair:4
    Orc (2/2) D:11            Elf (3/3) Orc:2        Vaults (4/5) D:13
  Crypt (3/3) Vaults:2       Tomb (0/3) Crypt:3      Depths (2/4) D:15
 Bailey (visited)           IceCv (visited)          WizLab (1/1)
Desolation (visited)

Altars:
Ashenzari
Cheibriados
Dithmenos
Elyvilon
Fedhas
Gozag
Hepliaklqana
Kikubaaqudgha
Makhleb
Nemelex Xobeh
Okawaru
Qazlal
Ru
Sif Muna
Trog
Uskayaw
Vehumet
Wu Jian
Xom
Yredelemnul
Zin
The Shining One
Jiyva
Lugonu

Shops:
D:1 [   D:7 (*   D:12 *   Orc:1 :?   Orc:2 **!(   Elf:2 =   Elf:3 *:
Vaults:1 [

Portals:
Hell: Depths:1
Abyss: Lair:5 Crypt:1 Depths:1
Pandemonium: Depths:1 Depths:2

Annotations:
Snake:3 2 transporters, TheUltimateLifeform's ghost, adept HOFi
Crypt:1 2 transporters, Esecs's ghost, veteran GrEE


Innate Abilities, Weirdness & Mutations

You are amphibious.
You cover ground slowly.
You can hop long distances.
You have an extended range of vision and can be seen from far away.
You occasionally lose the ability to drink potions when taking damage.
Your health recovers twice as slowly from being drained.


Message History

The lance of force misses you.
The tengu reaver points at you and mumbles some strange words.
The bolt of poison misses the mana viper.
The bolt of poison hits the necrophage.
The necrophage completely resists.
The bolt of poison misses you.
The vampire mage mumbles some strange words.
The vampire mage flickers and vanishes for a moment.
A spriggan air mage comes into view. It is wielding a +2 antimagic rapier.
The deep elf knight is engulfed in noxious fumes.
The deep elf knight appears confused.
The deep elf knight is engulfed in noxious fumes.
The deep elf knight appears confused.
The necrophage attacks as it pursues you!
You block the necrophage's attack.
Your surroundings suddenly seem different.
A deep elf knight and Jefour come into view.
The deep elf knight is wielding a +1 antimagic scimitar.
Jefour the Head Instructor is wielding two +1 antimagic triple swords and wearing a +1 plate armour of willpower.
A deep elf knight comes into view.
It is wielding a +1 antimagic dire flail.
The deep elf knight shouts! x2
The deep elf knight casts a spell at you.
The shard of ice hits you! You partially resist.
* * * LOW HITPOINT WARNING * * *
The deep elf knight gestures at you while chanting.
The shard of ice hits you!! You partially resist.
* * * LOW HITPOINT WARNING * * *
Okay, then.
You feel much better.
You feel yourself speed up.
A salamander mystic comes into view. It is wielding a +5 antimagic scimitar.
The deep elf knight mumbles some strange words.
The deep elf knight seems to speed up.
Okay, then.
As you read the scroll of teleportation, it crumbles to dust.
You feel strangely unstable.
The salamander mystic casts a spell at you.
The lance of force hits you!!
* * * LOW HITPOINT WARNING * * *
You are knocked back by the lance of force.
You slam into the large closed door!
You die...

### ######## #8.
......8# #.. .......#
#.N ..@....#
#..##.e##..#
+..........+
#..........#
##........##
###.@..### ##++## #.♣
#### .#.......## ....
#.........# ...
##...#..#... # #
..##..#......#.....♣..


You could see Jefour the Head Instructor (wandering), a salamander mystic and a
deep elf knight (fast).

Vanquished Creatures
  the Royal Jelly (Slime:5)
  A dread lich (Crypt:3)
  Xtahua (Crypt:2)
  Jory (Crypt:1)
  A profane servitor (Crypt:3)
  A bone dragon (Crypt:3)
  Zenata (Crypt:1)
  5 liches
  A tentacled monstrosity (Vaults:4)
  2 quicksilver dragons
  6 sphinxes
  3 deep elf blademasters
  Kirke (Lair:4)
  7 ancient champions
  17 acid blobs
  2 deep elf master archers (Elf:3)
  Gastronok (Lair:2)
  The ghost of Ousak the Spry, an adept OpSh of Ru (Snake:1)
  Agnes (Elf:1)
  9 azure jellies
  3 revenants
  Ilsuiw (Shoals:4)
  Donald (Vaults:4)
  15 rockslimes
  A nagaraja (Snake:4)
  A storm dragon (Depths:1)
  Roxanne (Elf:2)
  7 vault wardens
  5 deep elf sorcerers
  3 fire giants
  A balrug (Depths:2)
  3 frost giants
  14 ironbound preservers
  4 deep elf elementalists (Elf:3)
  3 imperial myrmidons (Desolation)
  2 angels (Vaults:3)
  3 curse skulls
  5 ghouls
  A cacodemon (Depths:2)
  3 orc warlords
  2 reapers
  A caustic shrike skeleton (Crypt:1)
  6 very ugly things
  11 quicksilver oozes
  9 vampire knights
  4 formless jellyfish
  2 ironbound thunderhulks
  11 deep elf death magi
  7 stone giants
  Nessos (Lair:4)
  8 deep elf demonologists (Elf:3)
  A halazid warlock (Desolation)
  8 deep elf annihilators
  8 dire elephants
  2 spark wasps (Depths:1)
  3 war gargoyles
  An eidolon (Crypt:1)
  Snorg (D:14)
  A green death (Depths:2)
  An ettin (Depths:1)
  4 fire dragons
  5 merfolk javelineers (Shoals:4)
  7 merfolk impalers
  2 spectral krakens (Shoals:2)
  4 ragged hierophants (Desolation)
  6 crystal guardians
  Josephine (D:10)
  2 jiangshi (Crypt:3)
  A deep elf high priest (Elf:3)
  7 servants of whispers (Desolation)
  2 ice dragons
  4 hydras
  An entropy weaver (Vaults:3)
  9 vault guards
  9 yaktaur captains
  6 peacekeepers
  3 rakshasas
  A hell beast (Depths:1)
  3 salamander tyrants
  A spriggan skeleton (Crypt:2)
  14 great orbs of eyes
  An alligator (Shoals:1)
  2 ghost crabs (Shoals:2)
  2 boulder beetles
  2 spriggan air magi
  9 anacondas
  An alligator snapping turtle (Shoals:1)
  11 ironbound frosthearts
  6 death knights
  A merfolk avatar (Shoals:1)
  28 dancing weapons
  2 two-headed ogres
  A satyr (Shoals:2)
  2 tengu warriors (Depths:1)
  14 centaur warriors
  2 deep troll earth magi
  5 merfolk aquamancers
  8 death yaks
  6 vampire magi
  3 deep troll shamans (Depths:2)
  13 naga warriors
  8 naga sharpshooters
  3 thrashing horrors (Lair:5)
  9 orc high priests
  7 shock serpents
  2 occultists (D:15)
  A titan zombie (Crypt:3)
  11 deep elf knights
  A hell knight (Depths:1)
  4 soul eaters
  2 titan skeletons
  A spriggan berserker (Depths:2)
  Nergalle (D:10)
  Sonja (D:10)
  A fire crab (shapeshifter) (D:15)
  3 iron trolls
  4 salamander mystics
  3 shadow wraiths
  A sixfirhy (Depths:2)
  35 deep trolls
  18 mana vipers
  24 skeletal warriors
  7 sea snakes
  3 skysharks
  5 large abominations
  9 arcanists
  12 deep elf archers
  7 flayed ghosts
  6 naga ritualists
  An iron giant skeleton (Crypt:1)
  19 harpies
  14 ironbound convokers
  18 deep elf pyromancers
  2 orc sorcerers
  6 orc knights
  9 phantasmal warriors
  20 deep elf zephyrmancers
  A frost giant zombie (Depths:2)
  An iron dragon zombie (Crypt:3)
  8 necromancers
  20 ugly things
  4 shining eyes
  15 cyclopes
  Maurice (D:7)
  A jorogumo skeleton (Crypt:1)
  4 fauns (Shoals:1)
  A stone giant zombie (Vaults:2)
  15 manticores
  13 salamanders
  6 elephants (Lair:5)
  A dire elephant zombie (Crypt:3)
  8 merfolk sirens
  9 guardian serpents
  12 centaur zombies
  A molten gargoyle (Desolation)
  18 vault sentinels
  16 naga magi
  2 smoke demons (Lair:5)
  6 water nymphs
  2 kobold blastminers (Orc:1)
  An ice statue (IceCv)
  36 black mambas
  2 spectral sea snakes (Shoals:2)
  A gargoyle (D:11)
  An eleionoma skeleton (Crypt:2)
  A centaur skeleton (D:15)
  A yellow draconian zombie (Crypt:3)
  10 cane toads
  Maggie (Lair:1)
  An elf skeleton (Vaults:2)
  An unseen horror (shapeshifter) (Lair:5)
  A shock serpent skeleton (Crypt:3)
  3 rime drakes
  A naga skeleton (Crypt:3)
  2 unseen horrors (D:12)
  13 ice devils (IceCv)
  17 yaktaurs
  4 eyes of devastation
  A yaktaur (shapeshifter) (Lair:5)
  A black draconian zombie (Crypt:2)
  7 freezing wraiths
  A spectral merfolk (Shoals:2)
  A spectral water nymph (Shoals:2)
  2 guardian mummies
  An anaconda simulacrum (IceCv)
  9 komodo dragons
  Psyche (D:7)
  A spectral harpy (Shoals:2)
  A yaktaur skeleton (Vaults:2)
  A harpy zombie (Crypt:1)
  3 trolls
  17 merfolk
  A death yak skeleton (Crypt:2)
  A pale draconian skeleton (Crypt:1)
  10 wind drakes
  A harpy skeleton (Crypt:3)
  3 polar bears
  32 saltlings (Desolation)
  A raiju (shapeshifter) (Lair:5)
  A meliai zombie (D:12)
  Prince Ribbit (D:9)
  21 blink frogs
  A raiju (Lair:5)
  A blink frog (shapeshifter) (Lair:5)
  An ettin zombie (Crypt:3)
  9 snapping turtles
  10 dream sheep
  2 spectral manticores (Shoals:2)
  An iron dragon simulacrum (Depths:2)
  3 ynoxinuls (Lair:5)
  A fire dragon zombie (Crypt:3)
  5 vampires
  A centaur simulacrum (Crypt:1)
  A spriggan (shapeshifter) (D:14)
  2 air elementals
  164 slime creatures
  2 dire elephant simulacra (IceCv)
  2 shadows
  18 wraiths
  22 water elementals
  Eustachio (D:5)
  An ettin skeleton (Crypt:2)
  3 hogs (Lair:4)
  A spriggan (Lair:5)
  An elf (Vaults:2)
  2 fire elementals
  A tyrant leech zombie (Crypt:1)
  3 wyverns
  Grum (D:10)
  A human (Lair:4)
  29 yaks
  3 basilisks
  A death yak simulacrum (IceCv)
  4 golden eyes
  2 steam dragons
  5 wargs
  4 chaos spawn (Elf:1)
  Menkaure (D:6)
  11 vampire mosquitoes
  2 harpy simulacra
  A deep troll zombie (Crypt:1)
  21 nagas
  2 acid dragons
  2 hydra simulacra (IceCv)
  12 water moccasins
  A demonspawn skeleton (Crypt:1)
  A black bear (shapeshifter) (Elf:3)
  30 orc warriors
  A blink frog zombie (Crypt:3)
  A sky beast (D:7)
  23 laughing skulls
  2 ice beasts (D:6)
  2 black bears
  6 human zombies
  25 wolves
  9 ogres
  A lindwurm zombie (Crypt:2)
  11 centaurs
  2 elf zombies (Elf:1)
  2 phantoms (D:11)
  4 kobold brigands
  19 bullfrogs
  7 gnoll sergeants (Bailey)
  3 earth elementals
  8 small abominations (Lair:5)
  2 necrophages (Crypt:1)
  3 cane toad simulacra (IceCv)
  A warg skeleton (Crypt:3)
  3 troll zombies (D:11)
  9 elephant simulacra
  A shapeshifter skeleton (Crypt:3)
  3 electric eels
  5 howler monkeys
  A troll skeleton (Crypt:2)
  A wolf skeleton (Crypt:1)
  7 hounds
  6 jellies
  44 orc priests
  3 bombardier beetles
  6 gnoll boudas
  A human skeleton (Crypt:1)
  5 iguanas
  3 sleepcaps (D:5)
  Jessica (D:2)
  42 orc wizards
  3 polar bear simulacra (IceCv)
  A spriggan simulacrum (IceCv)
  3 troll simulacra (IceCv)
  5 wolf simulacra (IceCv)
  3 ogre zombies
  15 mummies
  A howler monkey zombie (Crypt:3)
  18 gnolls
  6 adders
  2 shadow imps
  A steam dragon skeleton (Crypt:3)
  4 white imps
  3 ufetubi
  An adder zombie (Crypt:3)
  An adder skeleton (Crypt:1)
  4 dart slugs
  3 ribbon worms
  107 orcs
  8 endoplasms
  2 giant cockroaches
  A gnoll zombie (D:11)
  9 goblins
  2 hobgoblins
  3 jackals (D:1)
  4 quokkas
  6 ball pythons
  7 bats
  A dart slug zombie (Crypt:2)
  3 frilled lizards
  A gnoll skeleton (D:11)
  A goblin zombie (Crypt:2)
  15 kobolds
  2 orc skeletons (D:11)
  13 orc zombies (D:11)
  5 rats
  A rat skeleton (Crypt:3)
  A tentacle (Shoals:2)
2030 creatures vanquished.

Vanquished Creatures (collateral kills)
  A rockslime (Slime:1)
  6 slime creatures
7 creatures vanquished.

Vanquished Creatures (others)
  A formless jellyfish (Slime:1)
  A merfolk javelineer (Shoals:4)
  A sea snake (Shoals:4)
  2 saltlings (Desolation)
  A small abomination (Lair:5)
  An orc priest (Orc:2)
  An orc wizard (D:8)
  An orc zombie (D:11)
  26 tentacles (Shoals:2)
35 creatures vanquished.

Grand Total: 2072 creatures vanquished

Notes
Turn   | Place    | Note
-------+----------+-------------------------------------------
     0 | D:5      | Esekla the Barachi Delver began the quest for the Orb.
     0 | D:5      | Reached XP level 1. HP: 18/18 MP: 1/1
     9 | D:5      | Noticed an orc priest
    10 | D:5      | Noticed an orc wizard
    33 | D:5      | Noticed a sleepcap
    45 | D:5      | Killed a sleepcap
    46 | D:5      | Reached XP level 2. HP: 25/25 MP: 1/3
    46 | D:5      | Reached XP level 3. HP: 30/30 MP: 1/4
   233 | D:2      | Identified the +4 ring mail of Jigsaw {*Slow Str+9 Int+3}
   257 | D:2      | Reached skill level 5 in Stealth
   283 | D:2      | Reached skill level 1 in Spellcasting
   347 | D:2      | Noticed Jessica
   353 | D:2      | Killed Jessica
   354 | D:2      | Reached XP level 4. HP: 37/37 MP: 5/5
   454 | D:1      | Found a faded altar of an unknown god.
   459 | D:1      | Prayed at the altar of an unknown god.
   459 | D:1      | Became a worshipper of the Wu Jian Council
   459 | D:1      | Reached * piety under Wu Jian
   595 | D:1      | Found Efroffutso's Antique Armour Shoppe.
   808 | D:3      | Reached skill level 1 in Armour
   874 | D:3      | Reached ** piety under Wu Jian
   953 | D:4      | Reached XP level 5. HP: 42/42 MP: 7/7
  1879 | D:4      | Noticed an ogre
  2059 | D:5      | Reached skill level 1 in Short Blades
  2135 | D:5      | Found a staircase to the Ecumenical Temple.
  2141 | Temple   | Entered the Ecumenical Temple
  2318 | D:5      | Reached skill level 2 in Spellcasting
  2318 | D:5      | Reached XP level 6. HP: 19/49 MP: 7/9
  2875 | D:1      | Bought a runed cloak for 180 gold pieces
  3362 | D:5      | Reached XP level 7. HP: 35/55 MP: 9/11
  3446 | D:5      | Noticed Eustachio
  3511 | D:5      | Killed Eustachio
  3512 | D:5      | Reached skill level 5 in Fighting
  3512 | D:5      | Reached skill level 3 in Spellcasting
  3941 | D:6      | Reached skill level 5 in Armour
  3976 | D:6      | Reached XP level 8. HP: 36/62 MP: 13/13
  4518 | D:7      | Reached *** piety under Wu Jian
  4565 | D:7      | Identified the +1 pair of gloves "Mijebuno" {Rampage Regen+
                  | Stlth-}
  4628 | D:7      | Found a flagged portal.
  4638 | Bailey   | Entered a bailey
  4827 | Bailey   | Reached skill level 4 in Spellcasting
  5214 | Bailey   | Reached XP level 9. HP: 58/69 MP: 15/15
  5470 | Bailey   | Reached skill level 5 in Long Blades
  5860 | Bailey   | Identified the +5 long sword of Glory {elec, MP-9 Str+3
                  | Dex+4}
  6181 | D:1      | Bought a pair of glowing boots for 180 gold pieces
  6186 | D:1      | Bought a faintly humming leather armour for 168 gold pieces
  6186 | D:1      | Identified the +1 leather armour of the Eleven Mouths
                  | {rElec} (You bought it in a shop on level 1 of the Dungeon)
  6473 | D:6      | Reached skill level 5 in Spellcasting
  6478 | D:6      | Noticed Menkaure
  6510 | D:6      | Killed Menkaure
  6514 | D:6      | Reached **** piety under Wu Jian
  6749 | D:6      | Reached skill level 5 in Short Blades
  7003 | D:6      | Reached XP level 10. HP: 78/79 MP: 8/17
  7022 | D:7      | Found Arem's Weapon Emporium.
  7190 | D:7      | Found Siehe's Lightly-Used Armoury.
  7205 | D:7      | Found a hazy altar of Hepliaklqana.
  7208 | D:7      | Found an ornate altar of the Wu Jian Council.
  7213 | D:7      | Found a sacrificial altar of Ru.
  7218 | D:7      | Found a burning altar of Makhleb.
  7413 | D:7      | Learned a level 3 spell: Frozen Ramparts
  7506 | D:8      | Noticed Maurice
  7508 | D:8      | Noticed Psyche
  7522 | D:7      | Killed Maurice
  7533 | D:7      | Killed Psyche
  7534 | D:7      | Reached skill level 5 in Dodging
  7738 | D:8      | Learned a level 3 spell: Mephitic Cloud
  8097 | D:9      | Noticed a two-headed ogre
  8153 | D:9      | Reached ***** piety under Wu Jian
  8451 | D:9      | Reached skill level 1 in Air Magic
  8562 | D:9      | Noticed Prince Ribbit
  8591 | D:10     | Entered Level 10 of the Dungeon
  8601 | D:10     | Learned a level 3 spell: Fugue of the Fallen
  8631 | D:10     | Noticed Nergalle
  8640 | D:10     | Killed Nergalle
  8641 | D:10     | Reached skill level 1 in Ice Magic
  8809 | D:10     | Noticed Sonja
  8811 | D:10     | Noticed Grum
  8817 | D:10     | Reached skill level 1 in Necromancy
  8831 | D:10     | Killed Grum
  8832 | D:10     | Reached skill level 1 in Conjurations
  8832 | D:10     | Reached skill level 1 in Alchemy
  8860 | D:10     | Killed Sonja
  8861 | D:10     | Reached skill level 10 in Long Blades
  8861 | D:10     | Reached XP level 11. HP: 45/83 MP: 10/19
  9180 | D:9      | Killed Prince Ribbit
  9343 | D:9      | Found a staircase to the Lair.
  9707 | D:10     | Noticed a centaur warrior
  9717 | D:10     | Found a snail-covered altar of Cheibriados.
  9728 | D:10     | Identified the +2 falchion "Murmur" {venom, Will+ Int+3}
  9752 | D:10     | Killed a centaur warrior
  9760 | D:10     | Learned a level 4 spell: Dispel Undead
  9936 | D:10     | Noticed Josephine
  9986 | D:10     | Killed Josephine
  9987 | D:10     | Reached skill level 6 in Spellcasting
 10063 | D:10     | Found a radiant altar of Vehumet.
 10450 | D:11     | Noticed a manticore
 10467 | D:11     | Killed a manticore
 10544 | D:11     | Noticed a manticore
 10560 | D:11     | Killed a manticore
 10772 | D:11     | Found a staircase to the Orcish Mines.
 10905 | D:11     | Noticed a manticore
 10929 | D:11     | Killed a manticore
 10930 | D:11     | Reached XP level 12. HP: 39/97 MP: 19/21
 11290 | D:11     | Learned a level 3 spell: Ozocubu's Armour
 11420 | Lair:1   | Entered Level 1 of the Lair of Beasts
 11513 | Lair:1   | Found a frozen archway.
 11564 | IceCv    | Entered an ice cave
 11762 | IceCv    | Reached skill level 10 in Fighting
 11889 | IceCv    | Found an ancient bone altar of Kikubaaqudgha.
 12061 | IceCv    | Reached skill level 5 in Ice Magic
 12489 | IceCv    | Reached ****** piety under Wu Jian
 12895 | Lair:1   | Noticed Maggie
 12900 | Lair:1   | Killed Maggie
 12901 | Lair:1   | Reached skill level 1 in Shields
 12989 | Lair:1   | Reached skill level 5 in Air Magic
 13344 | Lair:1   | Gained mutation: You can hop long distances. [Barachi
                  | growth]
 13344 | Lair:1   | Reached XP level 13. HP: 65/104 MP: 10/23
 13924 | Lair:2   | Found a staircase to the Snake Pit.
 13938 | Lair:2   | Reached skill level 7 in Spellcasting
 14126 | Lair:2   | Noticed Gastronok
 14379 | Lair:2   | Killed Gastronok
 14388 | Lair:2   | Reached skill level 5 in Alchemy
 15162 | Lair:3   | Identified the +7 mace of Qigadeuh {pain, rElec rPois rF-
                  | Str+9}
 15367 | Lair:3   | Found a staircase to the Shoals.
 15686 | Lair:4   | Reached skill level 5 in Conjurations
 15926 | Lair:4   | Found a staircase to the Slime Pits.
 15926 | Lair:4   | Found a viscous altar of Jiyva.
 16140 | Lair:4   | Identified the +10 hand axe "Vyusotte" {heavy, Will+}
 16235 | Lair:4   | Noticed Kirke
 16235 | Lair:4   | Noticed Nessos
 16243 | Lair:4   | Reached XP level 14. HP: 110/113 MP: 22/25
 16307 | Lair:4   | Killed Nessos
 16308 | Lair:4   | Reached skill level 5 in Necromancy
 16357 | Lair:4   | Killed Kirke
 16740 | Orc:1    | Entered Level 1 of the Orcish Mines
 16824 | Orc:1    | Noticed an orc warlord
 17013 | Orc:1    | Killed an orc warlord
 17142 | Orc:1    | Found Herch's Magic Scroll Shop.
 17152 | Orc:1    | Bought a scroll of identify for 26 gold pieces
 17152 | Orc:1    | Bought a scroll of identify for 26 gold pieces
 17152 | Orc:1    | Bought a scroll of identify for 26 gold pieces
 17152 | Orc:1    | Bought a scroll of identify for 26 gold pieces
 17158 | Orc:1    | Identified 2 scrolls of acquirement
 17209 | Orc:1    | Found Qiskes's Vocational Training.
 17650 | D:1      | Bought a glowing cloak for 180 gold pieces
 17922 | Lair:5   | Entered Level 5 of the Lair of Beasts
 18431 | Lair:5   | Reached skill level 8 in Spellcasting
 18464 | Lair:5   | Reached skill level 1 in Throwing
 19084 | Lair:5   | Identified the ring "Xaonnoar" {rF+ rC+ AC+4}
 19156 | Lair:5   | Reached skill level 5 in Shields
 19185 | Lair:5   | Found a corrupted altar of Lugonu.
 19185 | Lair:5   | Found a one-way gate to the infinite horrors of the Abyss.
 19198 | Lair:5   | Reached XP level 15. HP: 101/122 MP: 18/27
 19540 | Orc:2    | Entered Level 2 of the Orcish Mines
 19658 | Orc:2    | HP: 6/120 [ynoxinul/iron shot[an orc high priest] (18)]
 20199 | Orc:2    | Found Fawiuz's Weapon Boutique.
 20199 | Orc:2    | Found Civej's General Store.
 20199 | Orc:2    | Found Isuagim's General Store.
 20204 | Orc:2    | Found Luatsel's Distillery.
 20306 | Orc:2    | Found a staircase to the Elven Halls.
 20771 | Orc:1    | Reached skill level 9 in Spellcasting
 20843 | Orc:2    | Bought a scroll of blinking for 90 gold pieces
 20843 | Orc:2    | Bought an Everburning Encyclopedia for 456 gold pieces
 20848 | Orc:2    | Learned a level 4 spell: Ignite Poison
 20850 | Orc:2    | Acquired 1159 gold pieces
 20852 | Orc:2    | Acquired 612 gold pieces
 20855 | Orc:2    | Bought 2 potions of magic for 256 gold pieces
 20855 | Orc:2    | Bought 2 potions of lignification for 96 gold pieces
 20863 | Orc:2    | Bought a scroll of blinking for 90 gold pieces
 21156 | D:12     | Found a portal to a secret trove of treasure.
 21278 | D:12     | Found Pulismug's CLEARANCE SALE!.
 21320 | D:12     | Reached skill level 15 in Long Blades
 21464 | D:12     | Reached skill level 1 in Fire Magic
 21950 | D:13     | Found a gate to the Vaults.
 23088 | D:14     | Noticed Snorg
 23114 | D:14     | Killed Snorg
 23637 | D:15     | Entered Level 15 of the Dungeon
 23685 | D:15     | Reached XP level 16. HP: 123/132 MP: 20/29
 23747 | D:15     | Reached skill level 1 in Evocations
 23767 | D:15     | Reached skill level 10 in Spellcasting
 23781 | D:15     | Found a staircase to the Depths.
 24990 | Snake:1  | Entered Level 1 of the Snake Pit
 24990 | Snake:1  | Noticed Ousak's ghost (adept OpSh)
 24990 | Snake:1  | Found a runed translucent door.
 25241 | Snake:1  | Learned a level 2 spell: Blink
 25351 | Snake:1  | Identified the +8 falchion of Honesty {speed, ^Fragile
                  | rF+++ rCorr Int+4}
 25674 | Snake:1  | Reached skill level 1 in Translocations
 25974 | Snake:1  | Reached skill level 5 in Fire Magic
 26382 | Snake:1  | Learned a level 4 spell: Sticky Flame
 26650 | Snake:1  | Killed Ousak's ghost
 26912 | Snake:2  | Reached skill level 1 in Earth Magic
 27340 | Snake:2  | Learned a level 4 spell: Olgreb's Toxic Radiance
 27343 | Snake:2  | Learned a level 2 spell: Mercury Vapours
 27679 | Snake:2  | Reached skill level 11 in Spellcasting
 27759 | Snake:2  | Reached XP level 17. HP: 131/140 MP: 32/32
 28895 | Snake:3  | Noticed TheUltimateLifeform's ghost (adept HOFi)
 28897 | Snake:3  | Found a transporter.
 28897 | Snake:3  | Found a transporter.
 29681 | Snake:4  | Entered Level 4 of the Snake Pit
 30089 | Snake:4  | Reached skill level 15 in Fighting
 30110 | Snake:4  | Acquired a book of Annihilations
 30396 | Snake:4  | Learned a level 5 spell: Irradiate
 31044 | Snake:4  | Noticed a quicksilver dragon
 31064 | Snake:4  | Killed a quicksilver dragon
 31136 | Snake:4  | Got a serpentine rune of Zot
 31299 | Snake:4  | Reached skill level 12 in Spellcasting
 31780 | Shoals:1 | Entered Level 1 of the Shoals
 32306 | Shoals:1 | Reached XP level 18. HP: 109/149 MP: 28/34
 34068 | Shoals:3 | Found the +8 whip "Snakebite" {venom, curare, rPois}
 34646 | Shoals:4 | Entered Level 4 of the Shoals
 34837 | Shoals:4 | Reached skill level 5 in Earth Magic
 34900 | Shoals:4 | Got a barnacled rune of Zot
 35036 | Shoals:4 | Reached skill level 13 in Spellcasting
 35077 | Shoals:4 | Noticed Ilsuiw
 35117 | Shoals:4 | Killed Ilsuiw
 36523 | Elf:1    | Entered Level 1 of the Elven Halls
 36560 | Elf:1    | Noticed Agnes
 36570 | Elf:1    | Paralysed by an air elemental for 1 turns
 36593 | Elf:1    | Learned a level 5 spell: Lee's Rapid Deconstruction
 37142 | Elf:1    | Killed Agnes
 37398 | Elf:1    | Got the Omnibus of Rot
 37524 | Elf:1    | Reached XP level 19. HP: 77/144 MP: 14/36
 38049 | Elf:2    | Noticed Roxanne
 38214 | Elf:2    | Killed Roxanne
 38246 | Elf:2    | Found Oritru's Jewellery Shop.
 38427 | Elf:2    | Identified the +5 shortbow "Geicol" {drain, rElec rC++
                  | Int-5 Dex-2}
 38571 | Elf:2    | Reached skill level 14 in Spellcasting
 38686 | Elf:2    | Found a runed translucent gate.
 38686 | Elf:2    | Found a runed translucent gate.
 38686 | Elf:2    | Found a runed translucent gate.
 38873 | Elf:2    | Bought the ring of the Growing Saviour {AC+4 Int+3} for 739
                  | gold pieces
 39867 | Vaults:1 | Entered Level 1 of the Vaults
 40023 | Vaults:1 | Reached skill level 10 in Armour
 40111 | Vaults:1 | Reached skill level 10 in Ice Magic
 41069 | Vaults:1 | Found Nuica's Antique Armour Shoppe.
 41504 | Vaults:2 | Reached XP level 20. HP: 172/172 MP: 16/38
 41841 | Vaults:2 | Found a staircase to the Crypt.
 41954 | Vaults:2 | Reached skill level 15 in Spellcasting
 43312 | Vaults:3 | Found a glowing golden altar of the Shining One.
 43312 | Vaults:3 | Found a white marble altar of Elyvilon.
 43332 | Vaults:3 | Found a glowing silver altar of Zin.
 43526 | Vaults:3 | Found a crumbling gateway.
 43800 | Vaults:3 | Acquired 915 gold pieces
 43802 | Vaults:3 | Reached XP level 21. HP: 177/181 MP: 21/40
 43872 | Desolati | Entered the Desolation of Salt
 43894 | Desolati | Identified the +4 mace "Gapsuly" {spect, *Slow rElec Int+4}
 43903 | Desolati | Reached skill level 10 in Shields
 43906 | Desolati | Reached skill level 16 in Spellcasting
 44341 | Desolati | Found the +10 morningstar "Eos" {elec, Halo rElec}
 44365 | Desolati | Learned a level 4 spell: Airstrike
 44694 | Desolati | Identified the amulet "Zuhas" {Acrobat Will+}
 44696 | Desolati | Identified the +0 robe of Macaroni {rF- Int+5 Dex+7}
 44703 | Desolati | Identified the +1 pair of gloves of the Loofah {rN+}
 44797 | Desolati | Got Ziubuud's Papyrus of Geomancy and the Burn
 46172 | Vaults:3 | Reached XP level 22. HP: 187/190 MP: 33/42
 46794 | Vaults:4 | Reached skill level 17 in Spellcasting
 47372 | Vaults:4 | Noticed Donald
 47392 | Vaults:4 | Reached skill level 10 in Stealth
 47393 | Vaults:4 | Killed Donald
 48599 | Elf:3    | Entered Level 3 of the Elven Halls
 48864 | Elf:3    | Found Jerphinn's Assorted Antiques.
 48950 | Elf:3    | Found Feamaneh's Self-Improvement Boutique.
 48956 | Elf:3    | Bought a manual of Dodging for 1040 gold pieces
 48956 | Elf:3    | Bought a manual of Spellcasting for 1040 gold pieces
 49269 | Elf:3    | Reached skill level 10 in Dodging
 49269 | Elf:3    | Reached skill level 18 in Spellcasting
 49481 | Elf:3    | Paralysed by an air elemental for 1 turns
 49491 | Elf:3    | Identified the +0 leather armour "Henusic" {rC+}
 49787 | Elf:3    | Identified the +0 buckler of Terer {rPois}
 49788 | Elf:3    | Identified the ring "Diyte" {*Slow rPois rN++ rCorr Int+4}
 49794 | Elf:3    | Reached skill level 19 in Spellcasting
 49842 | Elf:3    | Identified the ring of Curiosity {rElec rC- rN+ AC+4 SInv}
 49928 | Elf:3    | Reached XP level 23. HP: 175/200 MP: 36/46
 50291 | Elf:3    | Identified the +0 chain mail "Saemo" {rCorr}
 50302 | Elf:3    | Got Kikubaaqudgha's Incunabulum of Maleficent Liturgies
 50647 | Crypt:1  | Entered Level 1 of the Crypt
 50808 | Crypt:1  | Reached skill level 10 in Air Magic
 51295 | Crypt:1  | Noticed Zenata
 51313 | Crypt:1  | Killed Zenata
 51580 | Crypt:1  | Noticed Jory
 51584 | Crypt:1  | Found a transporter.
 51593 | Crypt:1  | Noticed Esecs's ghost (veteran GrEE)
 51611 | Crypt:1  | Killed Jory
 52166 | Crypt:1  | Found a transporter.
 52399 | Crypt:2  | Paralysed by a vampire knight for 2 turns
 52401 | Crypt:2  | Reached skill level 20 in Spellcasting
 53599 | Crypt:2  | Noticed Xtahua
 54271 | Crypt:2  | Paralysed by Xtahua for 4 turns
 54280 | Crypt:2  | Paralysed by Xtahua for 3 turns
 54283 | Crypt:2  | Killed Xtahua
 54348 | Crypt:2  | Learned a level 2 spell: Scorch
 54460 | Crypt:3  | Entered Level 3 of the Crypt
 54478 | Crypt:3  | Paralysed by a vampire knight for 2 turns
 54599 | Crypt:3  | Reached skill level 21 in Spellcasting
 54974 | Crypt:3  | Found a staircase to the Tomb.
 55080 | Crypt:3  | Noticed a dread lich
 55285 | Crypt:3  | Killed a dread lich
 57132 | Crypt:3  | Reached skill level 22 in Spellcasting
 57168 | Crypt:3  | Found a basalt altar of Yredelemnul.
 57189 | Crypt:3  | Reached XP level 24. HP: 208/208 MP: 24/49
 57276 | Crypt:3  | Found an ancient bone altar of Kikubaaqudgha.
 57358 | Crypt:3  | Identified the +7 dagger of Midwinter {vamp, rF+}
 57369 | Crypt:3  | Identified the orb "Giemm" {mayhem, -Tele Regen+ MP+9
                  | Int+5}
 57407 | Crypt:3  | Identified the staff of Ywe Vaemyb {rF- rN+ Necro Fire Ice}
 57449 | Crypt:3  | Learned a level 8 spell: Maxwell's Capacitive Coupling
 57864 | Slime:1  | Entered Level 1 of the Pits of Slime
 57994 | Slime:1  | Paralysed by a formless jellyfish for 1 turns
 58177 | Slime:1  | Paralysed by a formless jellyfish for 1 turns
 58427 | Slime:1  | Found a viscous altar of Jiyva.
 58833 | Slime:2  | Paralysed by a formless jellyfish for 1 turns
 58837 | Slime:2  | Paralysed by a formless jellyfish for 1 turns
 59308 | Slime:2  | Learned a level 5 spell: Fireball
 61199 | Slime:5  | Entered Level 5 of the Pits of Slime
 61452 | Slime:5  | Reached skill level 10 in Fire Magic
 61994 | Slime:5  | Found a viscous altar of Jiyva.
 61995 | Slime:5  | Found the ring of Shadows {Umbra +Inv Stlth+}
 61997 | Slime:5  | Noticed the Royal Jelly
 62091 | Slime:5  | Killed the Royal Jelly
 62092 | Slime:5  | Reached skill level 23 in Spellcasting
 63145 | Slime:5  | Identified the amulet "Joel" {Faith rElec MP-9 Dex+3}
 63151 | Slime:5  | Got a slimy rune of Zot
 63235 | Slime:5  | Got Yxkojon's Anthology of Shifting and Damage
 63335 | Slime:5  | Identified the staff "Duhixkib" {rPois Conj Summ Alchemy}
 63344 | Slime:5  | Identified the +0 ring mail "Yskilinn" {rC+ Dex+4}
 64511 | D:12     | You showed the slimy rune of Zot to enter a treasure trove
 64512 | Trove    | Entered a treasure trove
 64538 | Trove    | Identified the amulet of Posmi {-Cast Rampage Regen+ SInv
                  | Stlth+}
 64540 | Trove    | Identified the amulet of the Komodo Dragon {rPois Will+
                  | Regen+ Dex-5}
 64551 | Trove    | Got Sif Muna's Almanac of Thunder and Phlogiston
 64644 | D:12     | Learned a level 5 spell: Freezing Cloud
 64744 | Depths:1 | Entered Level 1 of the Depths
 64791 | Depths:1 | Found a one-way gate leading to the halls of Pandemonium.
 64938 | Depths:1 | Found a gateway to Hell.
 65212 | Depths:1 | Found a broken altar of Ashenzari.
 65655 | Depths:1 | Reached XP level 25. HP: 176/216 MP: 5/50
 65723 | Depths:1 | Identified the ring "Igheh" {Fire Int+5 Dex+7 Slay-4}
 66104 | Depths:1 | Found a corrupted altar of Lugonu.
 66286 | Depths:2 | Reached skill level 15 in Dodging
 66546 | Depths:2 | Gained mutation: You occasionally lose the ability to drink
                  | potions when taking damage. [a cacodemon]
 66548 | Depths:2 | Gained mutation: Your health recovers twice as slowly from
                  | being drained. [a cacodemon]
 66656 | Depths:1 | Acquired a manual of Axes
 66672 | Depths:2 | Found a magical portal.
 66756 | WizLab   | Entered Yara's Duelist Academy
 67034 | WizLab   | Noticed Jefour
 67038 | WizLab   | HP: 4/183 [salamander mystic/lance of force (35)]
 67038 | WizLab   | Collided with a large closed door

Illustrated notes

Levels and vault maps discovered:
D:1:      spicycebolla_arrival_xxxplode, layout_basic,
          dreamdust_ecumenical_altar_statues, serial_shops,
          nicolae_shop_advertising_works [nicolae_subvault_shop_adworks]
D:2:      layout_loops_ring, chequers_serial_rivers_micro_e, uniq_jessica
D:3:      layout_rooms, grunt_ministairs_15, item_on_display_a
D:4:      layout_gridville
D:5:      layout_basic, minmay_temple_entry_fiery, uniq_eustachio
D:6:      layout_basic, kennysheep_generic_room_7, uniq_menkaure
D:7:      layout_cave_pools, grunt_temple_overflow_cloverleaf, serial_shops,
          shop, enter_bailey_8, grunt_ministairs_10, minmay_shop_damaged,
          minmay_circle_x
D:8:      layout_cave_pools, uniq_maurice, uniq_psyche
D:9:      layout_grid_maze, lair_entry_dummy, uniq_prince_ribbit1
D:10:     layout_basic, mainiacjoe_overflow_alcove_4, lemuel_doored_altar,
          special_room [special_room_orc], uniq_grum, uniq_sonja,
          uniq_josephine, uniq_nergalle
D:11:     layout_cave_pods, zombieorc1_lemuel
D:12:     layout_roguey, serial_undead, serial_undead_f, serial_undead_e,
          serial_undead_e, serial_undead_b, nicolae_trove_entry_free_sample,
          nicolae_shop_clearance
D:13:     layout_basic, skrybe_vaults_entry_preservation
D:14:     nicolae_moon_pools, layout_irregular_city, nicolae_underground_beach,
          uniq_snorg
D:15:     grunt_enter_depths_magical_seal, layout_loops_corners,
          nicolae_sextant, nicolae_lava_and_water
Temple:   nicolae_temple_slightly_damp_pantheon
Lair:1:   wander_river, layout_misc_corridors,
          portal_ice_cave_entry_ice_simulacra, uniq_maggie
Lair:2:   layout_cave_pods, minmay_snake_entry_six_corridors,
          grunt_megastairs_3, uniq_gastronok
Lair:3:   layout_gridlike, minmay_shoals_entry_hut
Lair:4:   layout_gridlike, minmay_slime_entry_pillars, uniq_nessos, uniq_kirke
Lair:5:   hellmonk_lair_end_abyssal_woods, layout_regular_city,
          serial_bayou_shore_b
Shoals:1: layout_shoals, nicolae_shoals_siren_and_animal_friends
Shoals:2: layout_shoals, nicolae_shoals_spectral_cove
Shoals:3: layout_shoals, nicolae_shoals_former_cling_halls
Shoals:4: shoals_end_grunt_ice, layout_shoals, shoals_ilsuiw_alternative
Snake:1:  layout_chambers, hellmonk_ghost_happy_afterlife
Snake:2:  cheibrodos_snake_ritualist_ritual, layout_misc_corridors,
          grunt_megastairs_2
Snake:3:  layout_basic, gammafunk_ghost_arena
Snake:4:  hellmonk_snake_rune_quicksilver_temple, layout_chambers,
          serial_bayou_shore_b
Slime:1:  layout_caves, basic_altar
Slime:2:  layout_caves
Slime:3:  cheibrodos_slime_lost_civilization_8, layout_caves
Slime:4:  layout_caves, nicolae_slime_welcoming_committee
Slime:5:  slime_pit_nicolae_block_by_block
Orc:1:    layout_diamond_mine, serial_shops, shop, nicolae_shop_vocational
Orc:2:    st_orc_mages, layout_caves
Elf:1:    layout_gridlike, minmay_elf_necromancy,
          nicolae_elf_free_trip_to_the_abyss, uniq_agnes
Elf:2:    elven_hall_of_blades_hangedman_original
          [nicolae_blade_entry_diamond_columns], layout_onion_city,
          serial_shops, nicolae_shop_pleasant_corner_grove, feat_on_display,
          uniq_roxanne
Elf:3:    grunt_elf_hall_asides, layout_geoelf_octagon, serial_shops, shop,
          nicolae_shop_self_help
Vaults:1: nicolae_vaults_network_periphery, nicolae_vaults_little_squares_4,
          serial_library_hellmonk_semicircle, nicolae_vaults_tetromino_T_1,
          vaults_dpeg_ring, nicolae_vaults_trapezoid_lopsided_1,
          layout_vaults_quadrants, serial_shops, nicolae_shop_window_shopping
Vaults:2: v_rooms_1, dpeg_vaults_monster_box,
          serial_library_hellmonk_angled_corner, nicolae_vaults_tetromino_Z_1,
          vaults_room_grid, blue_anna_dwarven_crypt,
          nicolae_vaults_trapezoid_lopsided_3, nicolae_vaults_closet_pinwheel_5,
          nicolae_vaults_three_branches, nicolae_vaults_cochlea, v_misc_27,
          vaults_dpeg_spiral, nicolae_vaults_prndl,
          nicolae_vaults_holding_cells, vaults_standard_mumra_x,
          layout_vaults_maze, uniq_margery
Vaults:3: portal_desolation_entry_holy_temple, nicolae_vaults_sightless_eye,
          grunt_vaults_diagonal, nicolae_vaults_arrows,
          nicolae_vaults_storage_closets_2, hangedman_vaults_stream,
          minmay_orc_keep, nicolae_vaults_little_squares_2,
          ontoclasm_vaults_pinch, hangedman_vaults_trim,
          ontoclasm_vaults_ligature, nicolae_vaults_tangram_1,
          layout_vaults_omnibox
Vaults:4: nicolae_vaults_double_plus_3, nicolae_vaults_turnstiles, st_squares,
          v_misc_23, nicolae_vaults_trapezoid_3, nicolae_vaults_border_crossing,
          nicolae_vaults_closet_pinwheel_6, v_misc_3, v_alt_pattern_2,
          nicolae_vaults_wine_cellar, layout_vaults_big_room, uniq_donald
Crypt:1:  layout_misc_corridors, gammafunk_ghost_abyssal_escape,
          grunt_crypt_arrival_guarded_gate, uniq_jory, uniq_zenata
Crypt:2:  layout_gridlike, nicolae_crypt_smalloseum, uniq_xtahua
Crypt:3:  lightli_unholy_cathedral, layout_chaotic_city,
          nicolae_tomb_entry_unfolded_pyramid_diagonal, uniq_josephina
Depths:1: layout_gridlike, ashenzari_conservatory_becter,
          rand_demon_pan_entry_1, hell_entry, abyss_entry_flame_altar,
          minmay_pinched_square
Depths:2: minmay_the_grid_four_pointed_star_mashed
          [minmay_the_grid_triangle_9x9_zippers_vertical,
          minmay_the_grid_triangle_9x9_stretched_checkered,
          minmay_the_grid_triangle_9x9_dagger,
          minmay_the_grid_triangle_9x9_checkered,
          minmay_the_grid_prize_trominoes], layout_gridville,
          grunt_pan_entry_sceptre, mu_enter_wizlab_1, kennysheep_minor_cross,
          abyss_entry, hangedman_coc_ice_floe, wad_dig_loot
WizLab:   wizlab_yara

Skill      XL: |  1  2  3  4  5  6  7  8  9 10 11 12 13 14 15 16 17 18 19 20 21 22 23 24 25 |
---------------+----------------------------------------------------------------------------+-----
Stealth        | 5 6 7 8 9 10 | 10.6
Spellcasting   | 1 2 3 4 5 6 7 8 9 11 12 13 14 15 16 19 22 23 | 23.9
Fighting       | 4 5 6 7 8 9 10 11 12 13 14 15 17 18 19 20 21 | 21.8
Long Blades    | 3 4 7 10 11 12 13 14 15 16 17 | 17.1
Armour         | 1 2 3 5 7 8 9 10 | 10.3
Short Blades   | 1 2 4 5 6 |  6.3
Dodging        | 3 4 5 6 7 8 9 10 12 14 15 | 15.3
Air Magic      | 2 3 5 6 7 8 9 11 12 | 12.7
Ice Magic      | 2 4 5 6 7 8 9 10 | 10.8
Necromancy     | 1 2 3 4 6 7 8 9 |  9.3
Conjurations   | 1 3 4 5 6 7 8 |  8.2
Alchemy        | 1 3 4 5 6 7 8 9 |  9.2
Shields        | 1 3 5 6 8 9 10 | 10.0
Throwing       | 1 2 |  2.6
Fire Magic     | 3 5 6 7 8 9 10 | 10.3
Evocations     | 1 |  1.2
Translocations | 3 4 |  4.4
Earth Magic    | 1 4 5 7 8 9 |  9.5
Unarmed Combat | |  0.5

Action                     |  1- 3 |  4- 6 |  7- 9 | 10-12 | 13-15 | 16-18 | 19-21 | 22-24 | 25-27 || total
---------------------------+-------+-------+-------+-------+-------+-------+-------+-------+-------++-------
  Melee: Falchion          |    35 |     6 |       |   197 |   928 |  1551 |  1012 |  1710 |   130 ||  5569
         Dagger            |       |   221 |   867 |   217 |    71 |     2 |       |       |       ||  1378
         Punch             |       |     2 |    16 |    19 |    32 |    16 |       |    13 |       ||    98
         Long sword        |       |       |   103 |   629 |   748 |   165 |       |       |       ||  1645
         Unarmed           |       |       |       |       |     7 |       |       |     8 |       ||    15
  Throw: Javelin           |       |       |       |     3 |       |       |       |       |       ||     3
         Dart              |       |       |       |       |    19 |    24 |     3 |     6 |       ||    52
         Boomerang         |       |       |       |       |    12 |    41 |    13 |    63 |     5 ||   134
   Cast: Mephitic Cloud    |       |       |       |     6 |    54 |    46 |    29 |    30 |     3 ||   168
         Fugue of the Fall |       |       |       |     5 |    37 |    28 |    13 |    36 |     3 ||   122
         Frozen Ramparts   |       |       |       |       |    25 |    85 |    25 |    45 |     8 ||   188
         Ozocubu's Armour  |       |       |       |       |    20 |    40 |     5 |    69 |     7 ||   141
         Ignite Poison     |       |       |       |       |     1 |    12 |    23 |    36 |     4 ||    76
         Dispel Undead     |       |       |       |       |       |     8 |     3 |   127 |     5 ||   143
         Sticky Flame      |       |       |       |       |       |    59 |    80 |   207 |    13 ||   359
         Olgreb's Toxic Ra |       |       |       |       |       |     8 |    32 |    40 |     9 ||    89
         Blink             |       |       |       |       |       |     1 |     9 |     7 |       ||    17
         Irradiate         |       |       |       |       |       |     4 |    29 |    83 |     1 ||   117
         Lee's Rapid Decon |       |       |       |       |       |     2 |    36 |    20 |       ||    58
         Mercury Vapours   |       |       |       |       |       |     2 |     5 |     9 |     1 ||    17
         Freezing Cloud    |       |       |       |       |       |       |       |     3 |     5 ||     8
         Fireball          |       |       |       |       |       |       |       |     2 |     8 ||    10
         Airstrike         |       |       |       |       |       |       |       |     1 |       ||     1
         Maxwell's Capacit |       |       |       |       |       |       |       |     1 |       ||     1
Ability: Whirlwind         |       |    30 |   124 |   137 |   354 |    80 |    68 |    83 |     1 ||   877
         Lunge             |       |    26 |    32 |    66 |    79 |   129 |    83 |   128 |     7 ||   550
         Hop               |       |     1 |     1 |     5 |     5 |       |     3 |     4 |       ||    19
  Evoke: Wand              |       |       |    14 |       |     3 |       |       |     1 |     3 ||    21
         Lightning rod     |       |       |       |       |     2 |     2 |       |     2 |     1 ||     7
    Use: Scroll            |       |     8 |     2 |     9 |    15 |     3 |     5 |    12 |     4 ||    58
         Potion            |       |     1 |     1 |     2 |     7 |    10 |     4 |     4 |     3 ||    32
   Stab: Sleeping          |     2 |    14 |     2 |    10 |    11 |    42 |    21 |    40 |     3 ||   145
         Distracted        |     1 |     1 |     1 |     1 |     1 |     5 |     3 |     4 |       ||    17
         Confused          |       |       |       |     5 |    65 |    48 |    20 |    17 |     2 ||   157
         Invisible         |       |       |       |       |     1 |       |       |       |       ||     1
 Armour: Leather armour    |     8 |       |       |       |       |     8 |       |       |       ||    16
         Ring mail         |     9 |    94 |   595 |   470 |  1051 |       |       |       |       ||  2219
         Ice dragon scales |       |       |       |   228 |       |       |       |       |       ||   228
         Skin              |       |       |       |       |     3 |       |       |     1 |       ||     4
         Troll leather arm |       |       |       |       |    34 |   779 |   437 |   942 |   111 ||  2303
         Swamp dragon scal |       |       |       |       |       |    85 |       |       |       ||    85
  Dodge: Dodged            |    22 |    92 |   513 |   560 |   916 |   539 |   244 |   681 |    66 ||  3633
  Block: Kite shield       |       |       |       |     1 |       |   423 |   394 |   968 |    92 ||  1878
         Reflection        |       |       |       |       |       |       |       |     8 |     4 ||    12
